 Dungeon Crawl Stone Soup version 0.29-a0-993-g4a18f31a58 (webtiles) character file.

Game seed: 7871348179024008603

38 Newt the Sneak (level 3, -8/24 HPs)
             Began as an Octopode Brigand on Aug 2, 2022.
             Killed by an exploding frilled lizard (31 damage)
             ... ignited by their inner flame
             ... on level 2 of the Dungeon.
             The game lasted 00:02:19 (1100 turns).

Newt the Sneak (Octopode Brigand)                   Turns: 1100, Time: 00:02:19

Health: -8/24      AC:  1    Str: 12    XL:     3   Next: 43%
Magic:  3/3        EV: 12    Int: 13    God:
Gold:   110        SH:  0    Dex: 13    Spells: 2/2 levels left

rFire   . . .      SeeInvis .   a - +2 dagger
rCold   . . .      Faith    .   (no shield)
rNeg    + . .      Spirit   .   (helmet restricted)
rPois   .          Reflect  .   (no amulet)
rElec   .          Harm     .   k - ring of positive energy
rCorr   .          Rampage  .   (no ring)
Will    .....                   (no ring)
Stlth   ++++......              (no ring)
HPRegen 0.08/turn               (no ring)
MPRegen 0.08/turn               (no ring)
                                (no ring)
                                (no ring)

@: lethally poisoned (-8 -> -9)
A: almost no armour, amphibious, 8 rings, camouflage 1, gelatinous body 1,
(nimble swimmer 1), tentacles
a: no special abilities


You were on level 2 of the Dungeon.
You visited 1 branch of the dungeon, and saw 2 of its levels.

You collected 110 gold pieces.

Inventory:

Hand Weapons
 a - a +2 dagger (weapon)
Missiles
 b - 9 poisoned darts (quivered)
 c - 3 curare-tipped darts
Jewellery
 k - a ring of positive energy (left tentacle)
Scrolls
 d - a scroll of identify
 g - a scroll of blinking {unknown}
 i - a scroll of immolation
Potions
 e - a potion of flight {unknown}
 h - a potion of mutation {unknown}
 j - a potion of berserk rage {unknown}
 l - 2 potions of invisibility {unknown}
 m - a potion of degeneration {unknown}


   Skills:
 + Level 2.1 Fighting
 + Level 2.2 Short Blades
 + Level 2.0 Throwing
 + Level 1.1 Dodging
 + Level 6.6 Stealth


You had 2 spell levels left.
You didn't know any spells.
Your spell library contained the following spells:

 Spells                   Type           Power      Damage    Failure   Level
 Ensorcelled Hibernation  Hex/Ice        0%         N/A       43%         2
 Inner Flame              Hex/Fire       0%         N/A       67%         3
 Spider Form              Tmut/Pois      0%         N/A       67%         3
 Anguish                  Hex/Necr       0%         N/A       97%         4
 Cause Fear               Hex            0%         N/A       97%         4
 Discord                  Hex            0%         N/A       100%        8


Dungeon Overview and Level Annotations

Branches:
Dungeon (2/15)

Altars:


Innate Abilities, Weirdness & Mutations

You cannot wear most types of armour.
You are amphibious.
You can wear up to eight rings at the same time.
Your skin changes colour to match your surroundings (Stealth+).
Your rubbery body absorbs attacks. (AC +1, EV +1)
((You are camouflaged when in or above water. (Stealth+)))
You have tentacles for arms and can constrict up to eight enemies at once.


Message History

Your squeeze misses the adder.
The adder is lightly wounded.
The adder bites you.
A hobgoblin comes into view.
You miss the adder. Your grab misses the adder.
The adder is lightly wounded.
The adder closely misses you.
You closely miss the adder. Your grab misses the adder.
Your squeeze misses the adder.
The adder is lightly wounded.
The adder bites you.
You are poisoned.
The adder poisons you!
You miss the adder. Your grab misses the adder.
The adder is lightly wounded.
You feel sick. The adder completely misses you.
The frilled lizard barely misses you. The adder bites you.
You miss the adder. Your grab misses the adder.
The adder is lightly wounded.
The adder bites you. The frilled lizard bites you.
You feel much better.
You feel sick. The adder bites you. The frilled lizard closely misses you.
You feel sick. The adder barely misses you. The adder attacks as you move away!
The adder bites you.
You are more poisoned.
The adder poisons you!
You feel sick. The adder bites you. The adder attacks as you move away!
The adder misses you.
You feel sick.
As you read the scroll labelled AMIPEU TUTONI, it crumbles to dust.
The creatures around you are filled with an inner flame!
It was a scroll of immolation.
You feel sick. The adder bites you.
* * * LOW HITPOINT WARNING * * *
The frilled lizard bites you.
* * * LOW HITPOINT WARNING * * *
You feel much better.
You feel sick. The adder barely misses you. The frilled lizard misses you.
The adder barely misses you.
You hit the frilled lizard.
The frilled lizard explodes!
The fiery explosion engulfs you!!
Ouch! That really hurt!
You die...

#.#.##.#
#.
#......#
#.
####...#
#. #...#
## ##..#
#..# #..#
#..# #@.#
#S§# #g§#
#..#
#.>......
#+##.....
.....
.... ....


You could see an adder (inner flame) and a hobgoblin (inner flame).

Vanquished Creatures
  An adder (D:2)
  A dart slug (D:2)
  3 endoplasms
  3 giant cockroaches (D:1)
  3 goblins
  3 hobgoblins (D:1)
  A quokka (D:1)
  5 bats
  4 frilled lizards
  A kobold (D:1)
  3 rats (D:1)
28 creatures vanquished.

Vanquished Creatures (others)
  5 fungi (D:2)
5 creatures vanquished.

Grand Total: 33 creatures vanquished

Notes
Turn   | Place    | Note
-------+----------+-------------------------------------------
     0 | D:1      | Newt the Octopode Brigand began the quest for the Orb.
     0 | D:1      | Reached XP level 1. HP: 14/14 MP: 1/1
   301 | D:1      | Reached XP level 2. HP: 19/19 MP: 2/2
   385 | D:1      | Reached skill level 6 in Stealth
   850 | D:2      | Reached XP level 3. HP: 24/24 MP: 3/3
  1100 | D:2      | Killed by an exploding frilled lizard... ignited by their
                  | inner flame

Illustrated notes

Levels and vault maps discovered:
D:1:      lightli_molten_gateway, layout_basic
D:2:      layout_basic, dreamdust_ecumenical_altar_grove, minmay_hedge_maze

Skill      XL: |  1  2 |
---------------+-------+-----
Stealth        | 6 |  6.6
Fighting       | |  2.1
Short Blades   | |  2.2
Throwing       | |  2.0
Dodging        | |  1.1

Action                   || total
-------------------------++-------
Melee: Dagger            ||    52
       Tentacles         ||     4
       Constrict         ||     4
       Punch             ||     1
  Use: Scroll            ||     6
       Potion            ||     2
 Stab: Sleeping          ||    16
Armor: Skin              ||     3
Dodge: Dodged            ||    23

Table legend: (Time is in decaauts)
 A = Elapsed time spent in this place.
 B = Non-inter-level travel time spent in this place.
 C = Inter-level travel time spent in this place.
 D = Time resting spent in this place.
 E = Time spent auto-exploring this place.
 F = Levels seen in this place.
 G = Mean time per level.
                   A        B        C        D        E       F      G
               +--------+--------+--------+--------+--------+-----+--------+
         Total |   1093 |   1078 |     15 |      0 |    874 |   2 |  546.5 |
       Dungeon |   1093 |   1078 |     15 |      0 |    874 |   2 |  546.5 |
               +--------+--------+--------+--------+--------+-----+--------+

Top non-repeatable levels by time:
     D:1: 831 daAuts
     D:2: 262 daAuts
